[Event "Live Chess"]
[Site "Chess.com"]
[Date "2023.05.20"]
[Round "-"]
[White "CeladonFish"]
[Black "bristolunichess"]
[Result "0-1"]
[WhiteElo "1042"]
[BlackElo "1814"]
[TimeControl "300"]
[EndTime "10:54:44 PDT"]
[Termination "bristolunichess won by checkmate"]

1. d4 Nf6 2. c4 g6 3. Nc3 Bg7 4. Bf4 O-O 5. Nf3 d5 6. e3 c5 7. cxd5 cxd4 8. Nxd4 Nxd5 9. Nxd5 Qxd5 10. f3 e5 11. e4 Qxd4 12. Qxd4 exd4 13. Rd1 Be6 14. a3 Nc6 15. Bb5 Rac8 16. Kf2 a6 17. Bxc6 bxc6 18.
Bd6 Rfd8 19. e5 Rxd6 20. exd6 Rd8 21. Rd3 Rxd6 22. Rhd1 c5 23. a4 c4 24. Ra3 d3 25.
Ke3 Bd4+ 26. Ke4 f5+ 27. Kf4 Bf2 28. g3 Kf7 29. Ke5 Ke7 30. Rd2 g5 31. Rxf2 Rd5# 0-1

[Event "Live Chess"]
[Site "Chess.com"]
[Date "2023.05.20"]
[Round "-"]
[White "raminguy"]
[Black "GMHarry-youtube"]
[Result "1-0"]
[WhiteElo "1985"]
[BlackElo "2140"]
[TimeControl "300"]
[EndTime "10:54:49 PDT"]
[Termination "raminguy won by resignation"]

1. d4 Nf6 2. Nc3 d5 3. Bf4 c5 4.
e4 dxe4 5. Nb5 Na6 6. dxc5 Qa5+ 7. c3 Bd7 8. a4 Rd8 9. b4 Bxb5 10. Bxb5+ Qxb5 11. Qxd8+ Kxd8 12. axb5 Nc7 13. Bxc7+ Kxc7 14. Rxa7 Kb8 15. b6 Nd5 16. Kd2 g6 17. Ne2 Bh6+ 18. Kc2 e3 19. Rha1 Kc8 20. Ra8+ Kd7 21. Rxh8 exf2 22. Rxh7 Bg5 23. Rf1 Ne3+ 24. Kd3 Nxf1 25. Rxf7 Bf6 26. Rf8 Nxh2 27. Ng3 f1=Q+ 28. Nxf1 Nxf1 29. Rb8 Kc6 30. Rc8+ Kb5 31. Rc7 Ka6 32. c4 Ng3 33. Rc8 1-0

[Event "Live Chess"]
[Site "Chess.com"]
[Date "2023.05.20"]
[Round "-"]
[White "Reggie016"]
[Black "Ninifu"]
[Result "0-1"]
[WhiteElo "1073"]
[BlackElo "1987"]
[TimeControl "300"]
[EndTime "10:55:07 PDT"]
[Termination "Ninifu won by resignation"]

1. e4 d5 2. exd5 Nf6 3. d4 Bg4 4. Bb5+ Nbd7 5. Be2 Bxe2 6. Qxe2 Nxd5 7. Nf3 N7f6 8. O-O e6 9. Nc3 Nxc3 10. bxc3 Be7 11.
Qb5+ Qd7 12. Qxb7 O-O 13. Ne5 Qc8 14. Qxc8 Rfxc8 15. Rb1 c5 16. Rb7 Kf8 17. Ba3 Nd5 18.
Nd7+ Ke8 19. Bxc5 Bxc5 20. Nxc5 Nxc3 21. Re1 Rd8 22. Nxe6 fxe6 23. Rxe6+ Kf8 24. Ree7 Rxd4 25. Rf7+ Ke8 26. Rfe7+ Kd8 27. h3 Ne4 28. Rxg7 Nf6 29. Rgf7 Rd6 30. Rf8+ Ne8 31. Rxh7 Re6 32. g4 Re7 33.
Rxe7 Kxe7 34. Rh8 Rc8 35. g5 Rxc2 36. g6 Ng7 37. h4 Kf6 38. Ra8 Rxa2 39. Kg2 Kxg6 40.
Rb8 a5 41. Rb3 a4 42. Rg3+ Kh6 43. Kf3 Ra3+ 44. Kf4 Rxg3 45. Kxg3 a3 0-1

[Event "Live Chess"]
[Site "Chess.com"]
[Date "2023.05.20"]
[Round "-"]
[White "Missedidea"]
[Black "CheckThis4"]
[Result "0-1"]
[WhiteElo "1684"]
[BlackElo "2546"]
[TimeControl "300"]
[EndTime "10:55:07 PDT"]
[Termination "CheckThis4 won by resignation"]

1. d4 Nf6 2. c4 e5 3. dxe5 Ng4 4. Bf4 Bb4+ 5. Nd2 d6 6. Nf3 dxe5 7. Nxe5 Bxd2+ 8.
Qxd2 Qxd2+ 9. Bxd2 Nxe5 10. Bc3 f6 11. e3 Nbc6 12. f4 Ng4 13. Ke2 Be6 14. b3 a5 15. h3 Nh6 16. g4 a4 17. f5 Bd7 18.
Bg2 Nf7 19. Bd5 Nfe5 20. b4 O-O-O 21. b5 Ne7 22. Bxe5 Nxd5 23. Bb2 Nb6 24. Rac1 Nxc4 25. Rxc4 Bxb5 26. Rc1 Rhe8 27. Bd4 Rxd4 0-1

[Event "Live Chess"]
[Site "Chess.com"]
[Date "2023.05.20"]
[Round "-"]
[White "JoshMcK"]
[Black "Horseymobile"]
[Result "1-0"]
[WhiteElo "1536"]
[BlackElo "1240"]
[TimeControl "300"]
[EndTime "10:55:08 PDT"]
[Termination "JoshMcK won on time"]

1. e4 c6 2. d4 d5 3. e5 c5 4. Nf3 Nc6 5. dxc5 Bg4 6. a3 Nxe5 7. Be2 Nc6 8. b4 Nf6 9. O-O e6 10. Nc3 Be7 11. Bf4 Bxf3 12. Bxf3 e5 13. Be3 d4 14.
Bxc6+ bxc6 15. Bxd4 exd4 16. Ne2 O-O 17. Nxd4 Qc7 18.
Qf3 Rac8 19. Rfe1 Nd5 20. Nf5 Bf6 21. c4 Bxa1 22. cxd5 Bf6 23. d6 Qd7 24. Ne7+ Bxe7 25. Rxe7 Qd8 26. h3 a6 27. Ra7 Ra8 28. Rc7 Qe8 29. Re7 Qd8 30. Qxc6 Qc8 31. Qf3 Qb8 32. Rb7 Qe8 33. Re7 Qb8 34. d7 Qc7 35. c6 Qd6 36. Qe3 Qd1+ 37. Kh2 Qd6+ 38. g3 Ra7 39.
Re8 1-0

[Event "Live Chess"]
[Site "Chess.com"]
[Date "2023.05.20"]
[Round "-"]
[White "aliciabutteriss"]
[Black "Davidagye"]
[Result "0-1"]
[WhiteElo "542"]
[BlackElo "1655"]
[TimeControl "300"]
[EndTime "10:55:09 PDT"]
[Termination "Davidagye won by resignation"]

1. e4 e5 2. Nf3 Nc6 3. Bc4 Nf6 4. O-O Bc5 5. Nc3 O-O 6. d3 h6 7. Be3 Bxe3 8. fxe3 a6 9. d4 exd4 10. exd4 b5 11. Bd5 Nxd5 12. exd5 Ne7 13. Qe2 Bb7 14. Rae1 Nxd5 15. Nxd5 Bxd5 16. b3 d6 17. c4 bxc4 18. bxc4 Be6 19. d5 Bg4 20. h3 Bh5 21. Qe3 Qd7 22. Ng5 hxg5 23. Qxg5 Bg6 24. Re3 Rfe8 25. Rxe8+ Rxe8 26. h4 Re5 27. Qf4 Re4 28. Qg3 Rg4 29.
Qf3 Be4 30. Qg3 Rxg3 0-1

[Event "Live Chess"]
[Site "Chess.com"]
[Date "2023.05.20"]
[Round "-"]
[White "Tushinskiy"]
[Black "Richardallis"]
[Result "1-0"]
[WhiteElo "2107"]
[BlackElo "1640"]
[TimeControl "300"]
[EndTime "10:55:10 PDT"]
[Termination "Tushinskiy won by resignation"]

1. d4 c5 2. c3 cxd4 3. cxd4 f5 4. Nf3 Nf6 5. Nc3 g6 6. Bf4 a6 7. e3 Bg7 8. Rc1 O-O 9. Bg3 d5 10. Be2 Nc6 11. O-O Ne4 12. Nxd5 e6 13. Nc7 Nxg3 14.
Nxa8 Nxf1 15. Bxf1 Bd7 16. d5 exd5 17. Qxd5+ Rf7 18.
Bc4 Be8 19. Qxd8 Nxd8 20. Bxf7+ Nxf7 21. Rc8 Kf8 22. Nc7 Nd6 23. Rb8 Bxb2 24. Nxe8 Nxe8 25.
Rxb7 Nf6 26. Ng5 h6 27. Ne6+ Ke8 28. Rxb2 1-0

[Event "Live Chess"]
[Site "Chess.com"]
[Date "2023.05.20"]
[Round "-"]
[White "TDCMF"]
[Black "WelshTiger"]
[Result "0-1"]
[WhiteElo "350"]
[BlackElo "2429"]
[TimeControl "300"]
[EndTime "10:55:19 PDT"]
[Termination "WelshTiger won by checkmate"]

1. e4 c6 2. Bc4 d5 3. exd5 cxd5 4.
Bxd5 Qxd5 5. d3 Qxg2 6. Nf3 Qxh1+ 7. Ke2 Bg4 8. Qxh1 Nf6 9. h3 Bh5 10. Ke1 Nc6 11. Ng5 e6 12. Bf4 Bc5 13. Bc7 O-O 14. Nc3 Rac8 15. Bf4 Nd4 16. Rd1 Nxc2+ 17. Kd2 Nd4 18.
Qxb7 h6 19. Nxf7 Bxf7 20. Bd6 Bxd6 21. Nb5 Bf4+ 22. Ke1 Rb8 23. Qxa7 Nxb5 24. Qa4 Nd5 25. Rc1 Bxc1 26. Qc4 Bxb2 27. a4 Nd4 28. Qc7 Nxc7 29.
a5 Bc3+ 30. Kd1 e5 31. f3 Rb2 32. a6 Bb3+ 33. Kc1 Ne2# 0-1

[Event "Live Chess"]
[Site "Chess.com"]
[Date "2023.05.20"]
[Round "-"]
[White "bedsdrout"]
[Black "Driftboard"]
[Result "0-1"]
[WhiteElo "384"]
[BlackElo "695"]
[TimeControl "300"]
[EndTime "10:55:19 PDT"]
[Termination "Driftboard won by checkmate"]

1. b3 e5 2. e4 Nf6 3. Bc4 Nc6 4. Nc3 Bb4 5. Nd5 O-O 6. Nxf6+ Qxf6 7. Qh5 h6 8. Qh4 Bc5 9. Be2 Qxh4 10. Nf3 Qxf2+ 11. Kd1 Qxg2 12. Rf1 d6 13. Ng1 Bxg1 14. Bf3 Qxf1# 0-1

[Event "Live Chess"]
[Site "Chess.com"]
[Date "2023.05.20"]
[Round "-"]
[White "ViktorTheCoolBoy"]
[Black "onemoretime1975"]
[Result "1-0"]
[WhiteElo "2542"]
[BlackElo "1909"]
[TimeControl "300"]
[EndTime "10:55:24 PDT"]
[Termination "ViktorTheCoolBoy won by resignation"]

1. e4 e6 2. d4 d5 3. e5 c5 4. c3 Nc6 5. Nf3 Bd7 6. Bd3 Qb6 7. O-O cxd4 8. a4 dxc3 9. Nxc3 a6 10. Qe2 g6 11. h4 h5 12. Bg5 Bh6 13. Rfc1 Nd4 14.
Nxd4 Qxd4 15. Rc2 Ne7 16. Bxh6 Rxh6 17. Rd1 Qxh4 18. Rdc1 Nc6 19. Qe3 Rh8 20. Ne2 Qxa4 21. Qg5 Qd4 22. Nxd4 1-0

[Event "Live Chess"]
[Site "Chess.com"]
[Date "2023.05.20"]
[Round "-"]
[White "Jio85"]
[Black "FlyingChessKestrel13"]
[Result "0-1"]
[WhiteElo "2015"]
[BlackElo "2139"]
[TimeControl "300"]
[EndTime "10:55:25 PDT"]
[Termination "FlyingChessKestrel13 won by resignation"]

1. e4 c5 2. Nf3 Nc6 3. d4 cxd4 4. Nxd4 e5 5. Nxc6 bxc6 6. Bc4 Nf6 7. f3 d5 8. exd5 cxd5 9. Bb5+ Bd7 10. Qe2 Qa5+ 11.
Nc3 Bd6 12. Bxd7+ Nxd7 13. Qb5 Qxb5 14. Nxb5 Ke7 15. Nxd6 Kxd6 16. Be3 Rhc8 17. O-O-O d4 18. Kb1 Ke6 19. Bf2 f5 20. f4 exf4 21. Bxd4 g5 22. Rhe1+ Kf7 23. h4 h6 24. g3 fxg3 25. hxg5 hxg5 26.
Be3 f4 27. Bxf4 gxf4 28. Rxd7+ Kf6 29. Rf1 Kg5 30. Rf7 Rf8 31. R1xf4 g2 32. Rg7+ Kxf4 0-1

[Event "Live Chess"]
[Site "Chess.com"]
[Date "2023.05.20"]
[Round "-"]
[White "MarkLim1"]
[Black "Ferrarifan27"]
[Result "0-1"]
[WhiteElo "1610"]
[BlackElo "2068"]
[TimeControl "300"]
[EndTime "10:55:25 PDT"]
[Termination "Ferrarifan27 won by resignation"]

1. d4 Nf6 2. Nf3 d5 3. c4 e6 4. cxd5 exd5 5. Nc3 Be7 6. Qc2 O-O 7. Bg5 c6 8. e3 Bg4 9. Bd3 Nbd7 10. O-O Bxf3 11. gxf3 h6 12. Bh4 Re8 13. e4 Nh5 14. Bxe7 Qxe7 15. e5 Nf4 16. Kh1 Qh4 17. Rg1 Nxe5 18.
dxe5 Rxe5 19. Rg3 Rh5 20. h3 Nxh3 21. Kg2 Nf4+ 0-1

[Event "Live Chess"]
[Site "Chess.com"]
[Date "2023.05.20"]
[Round "-"]
[White "CheckString"]
[Black "Prijmak"]
[Result "0-1"]
[WhiteElo "1222"]
[BlackElo "1035"]
[TimeControl "300"]
[EndTime "10:55:39 PDT"]
[Termination "Prijmak won by resignation"]

1. e4 e5 2. Nc3 Nc6 3. Bc4 Nf6 4. d3 Bc5 5. f4 d6 6. Nf3 Bg4 7. h3 Be6 8. f5 Bxc4 9. dxc4 Nd4 10. Bg5 h6 11. Bxf6 Qxf6 12. Nd5 Qd8 13. Qd2 Nxf3+ 14.
gxf3 c6 15. Nc3 Qg5 16. O-O-O O-O-O 17. Rhg1 Qxd2+ 18. Rxd2 Be3 19. Rxg7 Bxd2+ 20. Kxd2 Rdf8 21. b4 Kd7 22. c5 Ke7 23. cxd6+ Kxd6 24. Na4 b6 25. c4 Ke7 26. c5 b5 27. Nc3 Kf6 28.
Rg1 Rhg8 29. Ne2 Rd8+ 30. Kc3 Rxg1 31. Nxg1 Rd1 32. Ne2 Rf1 33. Ng3 Rxf3+ 0-1

[Event "Live Chess"]
[Site "Chess.com"]
[Date "2023.05.20"]
[Round "-"]
[White "LiamClery2020"]
[Black "MaximKhimchenko"]
[Result "1-0"]
[WhiteElo "2083"]
[BlackElo "1347"]
[TimeControl "300"]
[EndTime "10:55:40 PDT"]
[Termination "LiamClery2020 won - game abandoned"]

1. e4 f5 2. exf5 Nf6 3. g4 d5 4. g5 Ne4 5. d3 Nd6 6. Qh5+ Kd7 7. Nc3 g6 8. fxg6 hxg6 9. Qxh8 Nf5 10. Bh3 Bg7 11. Bxf5+ gxf5 12. Qxg7 1-0

[Event "Live Chess"]
[Site "Chess.com"]
[Date "2023.05.20"]
[Round "-"]
[White "JamesWallman"]
[Black "Supertromp"]
[Result "0-1"]
[WhiteElo "774"]
[BlackElo "2183"]
[TimeControl "300"]
[EndTime "10:55:44 PDT"]
[Termination "Supertromp won by checkmate"]

1. e4 c5 2. d4 cxd4 3. Qxd4 Nc6 4. Qd1 Nf6 5. Nc3 g6 6. Nf3 Bg7 7. Bd3 O-O 8. Be3 d5 9. e5 Ng4 10. O-O d4 11. Nxd4 Nxd4 12. Bxd4 Qxd4 13. Qf3 Qxe5 14. Rae1 Qxh2# 0-1

[Event "Live Chess"]
[Site "Chess.com"]
[Date "2023.05.20"]
[Round "-"]
[White "Hussamalhaidar"]
[Black "AttackingSnowLeopard"]
[Result "0-1"]
[WhiteElo "1008"]
[BlackElo "2120"]
[TimeControl "300"]
[EndTime "10:55:48 PDT"]
[Termination "AttackingSnowLeopard won by checkmate"]

1. b3 d5 2. Bb2 Nf6 3. e3 Bf5 4.
Nf3 e6 5. d3 Be7 6. Nbd2 O-O 7.
Be2 c5 8. O-O Nc6 9. c4 dxc4 10.
Nxc4 b5 11. Nce5 Nxe5 12. Nxe5 Rc8 13. f4 Nd7 14. Rf3 Nxe5 15. Bxe5 f6 16. Bb2 Bg4 17. Rg3 Bxe2 18. Qxe2 Rf7 19. Rh3 f5 20. Qh5 g6 21.
Qh6 Bf6 22. Bxf6 Qxf6 23. Rb1 Qc3 24. d4 cxd4 25. exd4 Qxd4+ 26. Kf1 Qe4 27. Re1 Qd5 28. Qh4 Rc2 29. Rhe3 Qxg2# 0-1

[Event "Live Chess"]
[Site "Chess.com"]
[Date "2023.05.20"]
[Round "-"]
[White "Olisingapore"]
[Black "wot-not"]
[Result "1-0"]
[WhiteElo "1929"]
[BlackElo "1462"]
[TimeControl "300"]
[EndTime "10:55:49 PDT"]
[Termination "Olisingapore won by resignation"]

1. d4 Nf6 2. c4 c5 3. d5 d6 4. g3 e5 5. Bg2 Be7 6. e4 Nbd7 7. Nc3 Nf8 8. Nf3 Ng6 9. O-O O-O 10. h3 h6 11. Be3 Nh7 12. Nh4 Nxh4 13. gxh4 Bxh4 14. Qg4 Bg5 15. Qg3 Bxe3 16. fxe3 Qg5 17.
Qxg5 Nxg5 18. Kh2 f5 19. Nb5 Rf6 20. exf5 a6 21. Nc7 Rb8 22. Ne8 Rxf5 23. Nxd6 Rxf1 24. Rxf1 Bd7 25. h4 Nh7 26. Bh3 Bxh3 27. Kxh3 Nf6 28. e4 b5 29. cxb5 axb5 30. a3 b4 31. Rf3 c4 32. Nxc4 Nxe4 33. Nxe5 bxa3 34. bxa3 Nf6 35.
d6 Rb7 36. Rd3 Nd7 37. Nxd7 Rxd7 38. a4 Kf7 39. Kg4 Ke8 40. a5 Ra7 41. Rd5 Kd7 42.
Kf5 Kc6 43. Ke6 Rd7 44. a6 Kb6 45. Kxd7 1-0

[Event "Live Chess"]
[Site "Chess.com"]
[Date "2023.05.20"]
[Round "-"]
[White "Conradical12"]
[Black "mach247"]
[Result "1-0"]
[WhiteElo "1523"]
[BlackElo "1299"]
[TimeControl "300"]
[EndTime "10:55:51 PDT"]
[Termination "Conradical12 won by resignation"]

1. e4 d5 2. exd5 Qxd5 3. Nc3 Qd8 4. Nf3 Bg4 5. Bc4 e6 6. O-O Nf6 7. d3 Be7 8. Be3 O-O 9. h3 Bh5 10. Kh2 Bd6+ 11. g3 Nbd7 12. Qe2 Nb6 13. Bxb6 axb6 14.
Rad1 c6 15. Ne4 Nxe4 16. dxe4 Bxf3 17. Qxf3 Qc7 18. Qg4 b5 19. Bxe6 fxe6 20. Qxe6+ Kh8 21.
Qxd6 Qf7 22. f4 Rad8 23. Qxd8 Rxd8 24. Rxd8+ Qg8 25. Rxg8+ Kxg8 26. Rd1 1-0

[Event "Live Chess"]
[Site "Chess.com"]
[Date "2023.05.20"]
[Round "-"]
[White "lucaskk818"]
[Black "KirbyHasARevenge"]
[Result "1-0"]
[WhiteElo "1884"]
[BlackElo "1739"]
[TimeControl "300"]
[EndTime "10:55:51 PDT"]
[Termination "lucaskk818 won by resignation"]

1. Nf3 Nf6 2. b3 g6 3. Bb2 Bg7 4. e3 O-O 5. d4 d6 6. c4 Nbd7 7. Bd3 c5 8. h3 cxd4 9. Nxd4 e5 10. Ne2 Qe7 11. O-O Rd8 12. Ng3 Nc5 13. Bc2 Be6 14. Nd2 Qd7 15. Qf3 e4 16. Ngxe4 Nfxe4 17. Nxe4 Nxe4 18. Bxg7 Kxg7 19. Bxe4 Rab8 20. Bd5 Qe7 21. Bxe6 Qxe6 22. Rad1 Rd7 23. Qd5 Qe7 24. Rd2 Rbd8 25. Rfd1 b6 26. b4 Qe5 27. Qxe5+ 1-0

[Event "Live Chess"]
[Site "Chess.com"]
[Date "2023.05.20"]
[Round "-"]
[White "birdseed45"]
[Black "alanmike75"]
[Result "0-1"]
[WhiteElo "1853"]
[BlackElo "1505"]
[TimeControl "300"]
[EndTime "10:55:53 PDT"]
[Termination "alanmike75 won by checkmate"]

1. e4 e5 2. Nf3 d6 3. Bb5+ c6 4. Ba4 Nf6 5. d3 Be7 6. O-O O-O 7. h3 Be6 8. c3 b5 9. Bb3 Bxb3 10. Qxb3 Nbd7 11. Re1 Nc5 12. Qc2 Ne6 13. Nbd2 c5 14. Nf1 a5 15. Ne3 b4 16. Nf5 Qd7 17. Be3 Bd8 18.
g4 g6 19. Ng3 Nf4 20. Kh2 h5 21. gxh5 Qxh3+ 22. Kg1 Qg2# 0-1

[Event "Live Chess"]
[Site "Chess.com"]
[Date "2023.05.20"]
[Round "-"]
[White "NAZRIZ1977"]
[Black "Leonid_Starozhilov"]
[Result "1-0"]
[WhiteElo "2181"]
[BlackElo "2644"]
[TimeControl "300"]
[EndTime "10:55:54 PDT"]
[Termination "NAZRIZ1977 won by checkmate"]

1. d4 Nf6 2. Nc3 d5 3. Bf4 a6 4. e3 c5 5. dxc5 e6 6. Nf3 Bxc5 7. Bd3 Bb4 8. O-O O-O 9. Ne2 Nc6 10. c4 e5 11.
Nxe5 Bg4 12. Nxg4 Nxg4 13. cxd5 Ne7 14. d6 Ng6 15. Bxg6 hxg6 16. h3 Nf6 17. a3 Bc5 18. b4 Bb6 19. Qd3 Qd7 20. Rfd1 Rfe8 21. Rac1 Re6 22. Nd4 Ree8 23. Nf3 Qa4 24. Ne5 Rad8 25.
Qc4 Re6 26. Nxg6 Ne4 27. Ne7+ Kf8 28. Nd5 Ba7 29. Nc3 Qe8 30. Nxe4 Rxe4 31. Qd5 Bb6 32. Qxb7 Rb8 33. Qxa6 Qd7 34. Qd3 Rbe8 35. Rc4 R4e6 36. Qh7 f6 37. Qh8+ Kf7 38. Qh5+ Kg8 39. Qd5 g5 40.
Bxg5 fxg5 41. Rg4 Kh7 42. Qxg5 Rh6 43. Rh4 Re6 44. Qf5+ Kg7 45. Rxh6 Kxh6 46. h4 Kg7 47. h5 Bd8 48. Rd4 Qe8 49. d7 Qf7 50. Rg4+ Kf8 51. Qc5+ Qe7 52. Rf4+ Kg8 53. Qxe7 Rxe7 54. Rd4 Re5 55.
g4 Kf7 56. a4 Ke6 57. a5 Rb5 58. h6 Kf7 59. f4 Kg6 60. g5 Rb7 61. a6 Rb6 62. b5 Rxb5 63. Rd6+ Kh7 64. Kg2 Rb3 65.
Kf3 Ra3 66. f5 Kg8 67. g6 Kf8 68. g7+ Ke7 69. g8=Q Kxd6 70. Qxd8 Ra1 71. Qf6+ Kc5 72. d8=Q Rf1+ 73. Ke2 Rc1 74. Qc8+ Kb5 75. Qxc1 Ka5 76. Qe5+ Ka4 77. Qd4+ Kb3 78. Qdc4# 1-0

[Event "Live Chess"]
[Site "Chess.com"]
[Date "2023.05.20"]
[Round "-"]
[White "jusjoel"]
[Black "hturner40"]
[Result "0-1"]
[WhiteElo "296"]
[BlackElo "1820"]
[TimeControl "300"]
[EndTime "10:55:59 PDT"]
[Termination "hturner40 won by resignation"]

1. d4 Nf6 2. e3 Nc6 3. Bc4 d5 4. Bb5 Qd6 5. Qf3 a6 6. Bxc6+ Qxc6 7. Ne2 Bg4 8. Qf4 Qxc2 9. Nbc3 Bxe2 10. Bd2 Bd3 11.
Qxc7 Qxb2 12. Rc1 e6 13. Qxb7 Qxb7 0-1

[Event "Live Chess"]
[Site "Chess.com"]
[Date "2023.05.20"]
[Round "-"]
[White "BogdanBeleiUkraine"]
[Black "zdanevych"]
[Result "1/2-1/2"]
[WhiteElo "1224"]
[BlackElo "1538"]
[TimeControl "300"]
[EndTime "10:56:00 PDT"]
[Termination "Game drawn - timeout vs insufficient material"]

1. e4 c5 2. Nc3 e6 3. Bc4 d5 4. exd5 exd5 5. Bb5+ Nc6 6. Nge2 a6 7. Bxc6+ bxc6 8.
O-O Be6 9. h3 Nf6 10. d3 h6 11. f4 Bd6 12. Ng3 O-O 13. f5 Bd7 14. Qf3 Re8 15. Bd2 d4 16. Nce4 Nxe4 17. Nxe4 Be5 18. Qg4 Kh8 19. Rae1 Bf6 20. Nxc5 Rxe1 21. Rxe1 Qc7 22. Qh5 Kh7 23. Ne4 Qd8 24. Rf1 Rb8 25.
b3 Rb5 26. a4 Re5 27. Nd6 Qe7 28. Nc4 Re2 29. Bf4 Rxc2 30. Bd6 Qe2 31. Qxe2 Rxe2 32. Nb6 Be8 33. Nc8 Rd2 34. Rf3 Rd1+ 35. Kf2 Bg5 36. Nb6 Rd2+ 37. Ke1 Rxg2 38. Nc4 f6 39.
Bc5 Bh5 40. Rf1 Re2+ 41. Kd1 Rc2+ 42. Kxc2 Be2 43. Re1 Bh5 44. Nd6 Be3 45. b4 Bf3 46.
Kb3 Bg2 47. Kc4 Bxh3 48. b5 cxb5+ 49. axb5 axb5+ 50. Nxb5 Bxf5 51. Nxd4 Bd2 52. Nxf5 Bxe1 53. d4 Ba5 54. d5 Bc7 55. Bd6 Bd8 56. Be7 Ba5 57.
Kc5 Bc7 58. Kc6 Be5 59. Bd6 Kg8 60. Bxe5 fxe5 61. d6 Kf8 62. d7 g6 63. Kc7 gxf5 64.
d8=Q+ Kg7 65. Qd7+ Kg6 66. Qd6+ Kg5 67. Qxe5 Kg4 68.
Qg7+ Kf4 69. Qxh6+ Ke5 70. Qh2+ Ke6 71. Qh6+ Ke5 72.
Qg7+ Ke4 73. Qe7+ Kf4 74. Qb4+ Kg5 75. Qd2+ Kf6 76. Qd6+ Kg5 77. Kd7 Kg4 78. Ke6 Kg5 79. Qe5 Kg4 80. Qxf5+ Kg3 81. Kf6 Kg2 82. Qg5+ Kf3 83.
Qh5+ Ke3 84. Kf5 Kd4 85. Kf4 Kc4 86. Ke3 Kc3 87. Ke2 Kc4 1/2-1/2

[Event "Live Chess"]
[Site "Chess.com"]
[Date "2023.05.20"]
[Round "-"]
[White "JoeyCage"]
[Black "Bot_Boy"]
[Result "1-0"]
[WhiteElo "2296"]
[BlackElo "325"]
[TimeControl "300"]
[EndTime "10:56:00 PDT"]
[Termination "JoeyCage won on time"]

1. e4 d6 2. d4 Nc6 3. Nf3 e5 4. dxe5 Nxe5 5. Nxe5 dxe5 6. Qxd8+ Kxd8 7. Bc4 f6 8. Be3 c5 9. Ke2 a5 10. Nc3 Ne7 11.
Bxc5 Ng6 12. Bb6+ Ke8 13. Rhd1 Nf4+ 14. Kf3 Bd7 15. Nd5 Rc8 16. Nc7+ Rxc7 17. Bxc7 Ne6 18. Bxa5 Nd4+ 19. Rxd4 exd4 20. Rd1 Bc5 21. a3 Ke7 22. Bb4 b6 23. Rxd4 Rf8 24. Bxc5+ bxc5 25. Rd5 f5 26. Rxc5 f4 27. b4 g5 28. Rxg5 Ra8 29. Ra5 Rc8 30. Bd3 Rg8 31. Kxf4 Rxg2 32. Rh5 Rxf2+ 33. Ke5 Rf7 34.
b5 Bg4 35. Rh6 Rf5+ 36. exf5 1-0

[Event "Live Chess"]
[Site "Chess.com"]
[Date "2023.05.20"]
[Round "-"]
[White "tpm07"]
[Black "yeetpizza74"]
[Result "1-0"]
[WhiteElo "1950"]
[BlackElo "448"]
[TimeControl "300"]
[EndTime "10:56:01 PDT"]
[Termination "tpm07 won by checkmate"]

1. e4 c6 2. d4 d5 3. Nc3 Nf6 4. e5 Ne4 5. Nxe4 dxe4 6. Bc4 Be6 7. Bxe6 fxe6 8. c3 g6 9. Qe2 Bg7 10. Qxe4 O-O 11. Nf3 Nd7 12. O-O c5 13. Qxb7 Rb8 14. Qe4 cxd4 15. cxd4 Kf7 16. Ng5+ Kg8 17. Nxe6 Qa5 18.
Nxf8 Bxf8 19. b3 Qc3 20. Rb1 Qa5 21. Rd1 Qxa2 22. Bg5 Rxb3 23. Qd5+ e6 24. Qxe6+ Kg7 25. Rxb3 h6 26. Qxd7+ Kg8 27. Qe6+ Kg7 28. Bf6+ Kh7 29. Qf7+ Bg7 30. Qxg7# 1-0

[Event "Live Chess"]
[Site "Chess.com"]
[Date "2023.05.20"]
[Round "-"]
[White "GMHarry-youtube"]
[Black "CeladonFish"]
[Result "1-0"]
[WhiteElo "2140"]
[BlackElo "1042"]
[TimeControl "300"]
[EndTime "10:56:03 PDT"]
[Termination "GMHarry-youtube won by checkmate"]

1. e4 d6 2. d4 Nf6 3. Nc3 g6 4. f4 Bg7 5. Nf3 O-O 6. Bd3 Bg4 7. h3 Bxf3 8. Qxf3 Nc6 9. Be3 d5 10. e5 Nd7 11. f5 gxf5 12. Qxf5 e6 13. Qxh7# 1-0

[Event "Live Chess"]
[Site "Chess.com"]
[Date "2023.05.20"]
[Round "-"]
[White "EdenHazard8"]
[Black "misha464"]
[Result "1-0"]
[WhiteElo "2112"]
[BlackElo "743"]
[TimeControl "300"]
[EndTime "10:56:05 PDT"]
[Termination "EdenHazard8 won by resignation"]

1. e4 e5 2. Qh5 Nc6 3. Bc4 Qe7 4. d3 Nf6 5. Qf3 Nd4 6. Qd1 a6 7. c3 Nc6 8. Nf3 b5 9. Bb3 a5 10. a4 b4 11. O-O bxc3 12. Nxc3 Nd4 13. Nxd4 exd4 14. Nb5 c5 15. Nc7+ Kd8 16. Nxa8 Bb7 17. Nb6 Qe6 18. Bxe6 1-0

[Event "Live Chess"]
[Site "Chess.com"]
[Date "2023.05.20"]
[Round "-"]
[White "howitzer14"]
[Black "Fazer180"]
[Result "1-0"]
[WhiteElo "2903"]
[BlackElo "1728"]
[TimeControl "300"]
[EndTime "10:56:08 PDT"]
[Termination "howitzer14 won by resignation"]

1. c4 e6 2. Nc3 d5 3. e3 Nf6 4. Nf3 c5 5. cxd5 exd5 6. d4 cxd4 7.
Nxd4 Nc6 8. Be2 a6 9. O-O Bc5 10. Bf3 Be6 11. Nce2 O-O 12. b3 Qb6 13. Bb2 Rac8 14. Nxc6 bxc6 15. Bxf6 gxf6 16. Rc1 Qa5 17. Nd4 Bd6 18. Nxc6 Qxa2 19. Bxd5 Bxd5 20. Qxd5 Qa3 21. Rfd1 Bc7 22. g3 Rfd8 23. Nxd8 Rxd8 24. Qc4 Rxd1+ 25.
Rxd1 Bd6 26. Kg2 a5 27. Rd4 f5 28. Rd5 Bb4 29. Rxf5 Qb2 30. Qxf7+ 1-0

[Event "Live Chess"]
[Site "Chess.com"]
[Date "2023.05.20"]
[Round "-"]
[White "Doge_Dandolo"]
[Black "Duke_of_Bebington"]
[Result "1-0"]
[WhiteElo "2122"]
[BlackElo "1580"]
[TimeControl "300"]
[EndTime "10:56:25 PDT"]
[Termination "Doge_Dandolo won by checkmate"]

1. Nf3 d5 2. c4 c6 3. g3 Nf6 4. Bg2 Bf5 5. Qb3 Qb6 6. d3 e6 7.
Be3 Qxb3 8. axb3 Nbd7 9. c5 Nxc5 10. b4 Ncd7 11. b5 c5 12. Nbd2 Be7 13. Nb3 b6 14.
Bf4 O-O 15. Kd2 h6 16. Ne5 Rfd8 17. Nc6 Re8 18. Ra3 e5 19. Bxe5 Nxe5 20. Nxe5 c4 21. Nd4 Bxa3 22. Nxf5 Bxb2 23. Nc6 cxd3 24. exd3 a6 25. Rb1 Ba3 26. Rb3 Bc5 27. d4 Bf8 28. Bf3 Rec8 29. Nfe7+ Bxe7 30. Nxe7+ Kf8 31. Nxc8 Rxc8 32.
bxa6 Ra8 33. Rxb6 Nd7 34. Rd6 Nf6 35. Kc3 Ke7 36. Rb6 Kd7 37. Kb4 Kc7 38. Ka5 Ra7 39. Be2 Ne4 40. f3 Nd6 41. Bd3 Kd7 42. Bb5+ Ke7 43. Kb4 Nxb5 44. Kxb5 Kd7 45. Kc5 Kc7 46. Rb7+ Rxb7 47. axb7 Kxb7 48. Kxd5 Kc7 49. h4 Kd7 50.
h5 g6 51. g4 g5 52. Ke5 Ke7 53. d5 f6+ 54. Kf5 Kf7 55. d6 Kg7 56. d7 Kf7 57.
d8=Q Kg7 58. Qxf6+ Kh7 59. Qg6+ Kh8 60. Qxh6+ Kg8 61.
Qxg5+ Kh7 62. Qg6+ Kh8 63. Qb6 Kg7 64. Kg5 Kh7 65.
h6 Kh8 66. Qb7 Kg8 67. Qg7# 1-0

[Event "Live Chess"]
[Site "Chess.com"]
[Date "2023.05.20"]
[Round "-"]
[White "JackRudd"]
[Black "Pablo_dmp"]
[Result "1-0"]
[WhiteElo "2434"]
[BlackElo "1864"]
[TimeControl "300"]
[EndTime "10:56:27 PDT"]
[Termination "JackRudd won on time"]

1. d4 d5 2. c4 e6 3. Nc3 a6 4.
cxd5 exd5 5. Nf3 Nf6 6. Bg5 Be7 7. e3 Bf5 8. Bd3 Bxd3 9. Qxd3 c6 10. O-O Nbd7 11.
Rab1 h6 12. Bh4 b5 13. Rbc1 Nb6 14. Ne5 Rc8 15. b3 Nbd7 16. f4 O-O 17. Ne2 Ne4 18. Bxe7 Qxe7 19. Nxc6 Qa3 20. Ng3 Nxg3 21. hxg3 Rce8 22.
Rc2 Nf6 23. Ne5 Qd6 24. Rfc1 Ne4 25. g4 Qf6 26. Nd7 Qh4 27. Nxf8 Kxf8 28. Qe2 Ng3 29. Qf3 Ne4 30. Rc8 Rxc8 31. Rxc8+ Ke7 32. Rc1 f6 33. Rf1 Nd2 34. Qxd5 Nxf1 35. Kxf1 Qh1+ 36. Kf2 Qh4+ 37. Kf3 Qe1 38. Qb7+ Kf8 39. Ke4 Qb1+ 40. Kd5 Qxa2 41. Qc8+ Kf7 42. Qe6+ Kf8 43. Kd6 Qa3+ 44. Kd7 g5 45.
Qxf6+ Kg8 46. Qg6+ Kf8 47. Qxh6+ Kf7 48. Qh7+ Kf6 49. Qf5+ Kg7 50. Qxg5+ Kf8 51. Qc5+ Qxc5 52. dxc5 a5 53. c6 a4 54. c7 axb3 55. c8=Q+ Kf7 56. Qc3 b2 57. Qxb2 1-0